 Dungeon Crawl Stone Soup version 0.24-a0-549-g45f0056d81 (webtiles) character file.

Game seed: 3421827423012434928

308 Electrofox the Changer (level 6, 0/47 HPs)
             Began as a Draconian Transmuter on Aug 19, 2019.
             Slain by a jackal (3 damage)
             ... on level 4 of the Dungeon.
             The game lasted 00:17:02 (3102 turns).

Electrofox the Changer (Draconian Transmuter)       Turns: 3102, Time: 00:17:03

Health: 0/47       AC:  6    Str: 13    XL:     6   Next: 17%
Magic:  7/11       EV: 12    Int: 15    God:
Gold:   96         SH:  0    Dex: 11    Spells: 9/12 levels left

rFire    . . .     SeeInvis .     - Unarmed
rCold    . . .     Gourm    .   (no shield)
rNeg     . . .     Faith    .   (armour unavailable)
rPois    .         Spirit   .   (helmet restricted)
rElec    .         Reflect  .   (no cloak)
rCorr    .         Harm     .   (no gloves)
MR       .....                  (no boots)
Stlth    +.........             (no amulet)
HPRegen  0.15/turn              (no ring)
MPRegen  0.12/turn              (no ring)

@: appendage (expiring)
A: unfitting armour, horns 2, cold-blooded, AC +6
a: End Transformation


You were on level 4 of the Dungeon.
You were hungry.
You had grown temporary horns.
You visited 1 branch of the dungeon, and saw 5 of its levels.

You collected 96 gold pieces.

Inventory:

Missiles
 a - 4 arrows
Scrolls
 e - a scroll of enchant weapon {unknown}
 f - 3 scrolls of remove curse {unknown}
 g - 3 scrolls of identify {unknown}
 h - a scroll of random uselessness {unknown}
 j - a scroll of amnesia {unknown}
 k - 2 scrolls of fog {unknown}
 p - a scroll of immolation {unknown}
 q - 2 scrolls of blinking {unknown}
Potions
 d - a potion of heal wounds {unknown}
 i - a potion of haste
 m - 2 potions of berserk rage {unknown}
 n - 3 potions of might {unknown}
 o - a potion of cancellation {unknown}
 r - a potion of degeneration {unknown}
 s - a potion of curing {unknown}
Comestibles
 c - 5 rations


   Skills:
 - Level 1.1 Fighting
 - Level 1.8 Dodging
 - Level 3.2 Unarmed Combat
 + Level 3.7 Spellcasting
 * Level 5.3 Transmutations


You had 9 spell levels left.
You knew the following spells:

 Your Spells              Type           Power        Failure   Level  Hunger
a - Beastly Appendage     Tmut           ###...       1%          1    None
b - Sticks to Snakes      Tmut           ###.....     3%          2    ##.....

Your spell library contained the following spells:

 Spells                   Type           Power        Failure   Level  Hunger
 Spider Form              Tmut/Pois      ##........   19%         3    ###....
 Blade Hands              Tmut           ###.......   50%         5    ######.
 Ice Form                 Ice/Tmut       ##......     52%         4    ####...


Dungeon Overview and Level Annotations

Branches:
Dungeon (5/15)
 Temple: D:4-7

Altars:
Cheibriados
Dithmenos
Hepliaklqana
Okawaru

Annotations:
D:3 1 runed translucent door, exclusion: door, Crazy Yiuf
D:5 exclusion: dart slug


Innate Abilities, Weirdness & Mutations

Your plain brown scales are hard. (AC +6)
You cannot fit into any form of body armour.
You are cold-blooded and may be slowed by cold attacks.
You have a pair of horns on your head.


Message History

You punch the adder! You headbutt the adder.
You kill the adder!
The jackal misses you. The quokka bites you.
* * * LOW HITPOINT WARNING * * *
Your ball python misses the quokka.
Your ball python grabs the quokka.
Your ball python constricts the quokka.
The jackal barely misses you.
You hit the jackal.
The jackal is lightly wounded.
The quokka bites you.
* * * LOW HITPOINT WARNING * * *
Your ball python bites the quokka.
Your ball python constricts the quokka.
Your ball python bites the quokka but does no damage.
The jackal bites you.
* * * LOW HITPOINT WARNING * * *
Your transformation is almost over.
The quokka completely misses your ball python.
Your ball python bites the quokka.
The quokka dies!
The jackal bites you.
You die...

.. ....
###########.....
.......h>†......
.......@SS....!.
................
>...............
######+######...
.. .


You could see a jackal and 2 friendly ball pythons.

Vanquished Creatures
  Sigmund (D:1)
  2 hounds
  A bullfrog skeleton (D:5)
  A hound skeleton (D:5)
  6 adders
  5 leopard geckos
  An orc (D:3)
  3 giant cockroaches (D:1)
  5 goblins
  4 hobgoblins
  4 jackals
  2 quokkas (D:5)
  A ball python (D:1)
  3 bats
  3 frilled lizards
  3 kobolds
  6 rats
51 creatures vanquished.

Vanquished Creatures (collateral kills)
  A hound (D:4)
  A quokka (D:4)
2 creatures vanquished.

Grand Total: 53 creatures vanquished

Notes
Turn   | Place    | Note
-------+----------+-------------------------------------------
     0 | D:1      | Electrofox the Draconian Transmuter began the quest for the
                  | Orb.
     0 | D:1      | Reached XP level 1. HP: 16/16 MP: 3/3
   292 | D:1      | Reached XP level 2. HP: 22/23 MP: 5/5
   847 | D:2      | Reached skill level 3 in Transmutations
   847 | D:2      | Reached XP level 3. HP: 13/28 MP: 6/6
  1035 | D:2      | Noticed Sigmund
  1253 | D:1      | Learned a level 2 spell: Sticks to Snakes
  1305 | D:1      | Killed Sigmund
  1305 | D:1      | Reached skill level 4 in Transmutations
  1305 | D:1      | Reached XP level 4. HP: 22/35 MP: 0/8
  1305 | D:1      | Reached XP level 5. HP: 25/40 MP: 0/9
  1937 | D:2      | Found a hazy altar of Hepliaklqana.
  2032 | D:2      | Found an iron altar of Okawaru.
  2280 | D:3      | Found a runed translucent door.
  2281 | D:3      | Noticed Crazy Yiuf
  2334 | D:3      | You fall into a shaft and drop 2 floors!
  2334 | D:5      | Entered Level 5 of the Dungeon
  2604 | D:5      | Reached skill level 5 in Transmutations
  2642 | D:5      | Found a snail-covered altar of Cheibriados.
  2681 | D:5      | Found a shadowy altar of Dithmenos.
  2718 | D:5      | Reached XP level 6. HP: 22/47 MP: 11/11
  2996 | D:5      | Noticed a sky beast
  3102 | D:4      | Slain by a jackal

Levels and vault maps discovered:
D:1:      wheals_arrival_shading, layout_rooms
D:2:      layout_loops_ring, lemuel_crystal_altar, okawaru_ov_weapons_minmay,
          first_ration, uniq_sigmund
D:3:      layout_loops_ring, chequers_ecumenical_altar_simple_redux,
          columned_hall_lemuel, nemelex_lonely_heart_becter,
          uniq_crazy_yiuf_cottage, uniq_terence
D:4:      layout_gridville, uniq_eustachio
D:5:      layout_basic, nicolae_dithmenos_shadow_blocks, kennysheep_slug_shrine,
          kennysheep_mini, serial_shops, shop, kennysheep_little_box,
          grunt_ministairs_1, kennysheep_generic_room_4, uniq_menkaure

Skill      XL: |  1  2  3  4  5 |
---------------+----------------+-----
Transmutations | 3 4 5 |  5.3
Spellcasting   | 3 |  3.7
Fighting       | |  1.1
Dodging        | |  1.8
Unarmed Combat | |  3.2

Action                   |  1- 3 |  4- 6 || total
-------------------------+-------+-------++-------
Melee: Unarmed           |    99 |   142 ||   241
       Tailslap          |     5 |    10 ||    15
       Headbutt          |     3 |    11 ||    14
       Kick              |       |     6 ||     6
       Punch             |       |     1 ||     1
Throw: Javelin           |       |     6 ||     6
 Cast: Beastly Appendage |     5 |    10 ||    15
       Sticks to Snakes  |     3 |     5 ||     8
  Eat: Chunk             |     1 |     6 ||     7
Armor: Skin              |    25 |    76 ||   101
Dodge: Dodged            |    54 |   110 ||   164

Table legend:
 A = Non-vault XP
 B = Vault XP
 C = Vault XP percentage of total XP
 D = Non-vault monster count
 E = Vault monster count
 F = Vault count percentage of total count
                 A         B        C        D         E       F
            +---------+---------+-------+---------+---------+-------
      Total |     310 |     131 |  29.7 |      50 |       3 |   5.7
            +---------+---------+-------+---------+---------+-------
        D:1 |      27 |     128 |  82.6 |      17 |       1 |   5.6
        D:2 |     110 |       0 |   0.0 |      19 |       0 |   0.0
        D:3 |      19 |       0 |   0.0 |       4 |       0 |   0.0
        D:4 |      34 |       0 |   0.0 |       3 |       0 |   0.0
        D:5 |     120 |       3 |   2.4 |       7 |       2 |  22.2
            +---------+---------+-------+---------+---------+-------
